 Dungeon Crawl Stone Soup version 0.31-a0-167-g1c394c0614 (webtiles) character file.

Game seed: 5582769736187015506

109 qw the Shooter (level 4, 0/40 HPs)
             Began as a Naga Hunter on June 14, 2023.
             Slain by a goblin
             ... wielding a +0 dagger
             ... led by Robin
              (1 damage)
             ... on level 3 of the Dungeon.
             The game lasted 00:00:34 (1824 turns).

qw the Shooter (Naga Hunter)                        Turns: 1824, Time: 00:00:35

Health: 0/40       AC:  2    Str: 13    XL:     4   Next: 89%
Magic:  4/4        EV:  9    Int:  9    God:
Gold:   136        SH:  0    Dex: 17    Spells: 3/3 levels left

rFire   . . .        Y - +0 shortbow
rCold   + . .        (shield currently unavailable)
rNeg    . . .        c - +0 leather armour
rPois   +            (no helmet)
rElec   .            (no cloak)
rCorr   .            (no gloves)
SInv    +            (no barding)
Will    .....        (no amulet)
Stlth   ++           d - ring of protection from cold
HPRegen 0.26/turn    (no ring)
MPRegen 0.09/turn

%: no passive effects
@: short of breath, very slow
A: AC +1, large, see invisible, deformed body, poison resistance, slowness 2,
spit poison 1, naga tail 1
a: Spit Poison


You were on level 3 of the Dungeon.
You visited 1 branch of the dungeon, and saw 3 of its levels.

You collected 166 gold pieces.
You spent 30 gold pieces at shops.


Innate Abilities, Weirdness & Mutations

Your serpentine skin is tough. (AC +1)
You have supernaturally acute eyesight. (SInv)
Armour fits poorly on your strangely shaped body.
Your system is resistant to poisons. (rPois)
You cover ground very slowly.
You can spit poison.
You have a snake-like lower body.


   Skills:
 + Level 2.6 Fighting
 - Level 5.2 Ranged Weapons
 - Level 1.5 Dodging
 - Level 1.5 Stealth


You had 3 spell levels left.
You didn't know any spells.
Your spell library was empty.

Inventory:

Hand Weapons
 Y - a +0 shortbow (weapon)
Armour
 c - a +0 leather armour (worn)
Jewellery
 d - a ring of protection from cold (left hand)
Scrolls
 h - 4 scrolls of identify
Potions
 a - a potion of mutation {unknown}
 k - 2 potions of curing

Dungeon Overview and Level Annotations

Branches:
Dungeon (3/15)

Altars:

Shops:
D:1 !


Message History

You have got your breath back.
Robin flexes a bicep menacingly.
Robin roars a battlecry!
The hobgoblin goes into a battle-frenzy!
The goblin misses you. The goblin barely misses you.
1818 ||| INVOKING Spit Poison.
Aiming: Spit Poison (1% risk of failure)
Press: ? - help, Shift-Dir - straight line, f/p - Robin The splash of poison hits Robin!
Robin is poisoned.
Robin is heavily wounded.
Robin hits you with a +0 club. The goblin barely misses you.
The goblin hits you with a +0 dagger.
You shoot an arrow. The arrow hits Robin.
Robin is heavily wounded.
The goblin hits you with a +0 dagger. x3; The goblin misses you.
You shoot an arrow. The arrow hits Robin.
Robin is severely wounded.
The goblin no longer looks unusually strong.
The goblin hits you with a +0 dagger. The goblin closely misses you.
You shoot an arrow. The arrow barely misses Robin.
The arrow hits the endoplasm.
You kill the endoplasm!
The goblin no longer looks unusually strong.
The goblin hits you with a +0 dagger. The goblin hits you but does no damage.
Robin misses you.
You shoot an arrow. The arrow hits Robin.
You kill Robin!
The goblin no longer looks unusually strong.
The goblin closely misses you. The goblin hits you with a +0 dagger.
You shoot an arrow. The arrow closely misses the goblin.
The arrow barely misses the hobgoblin.
You have got your breath back.
The goblin no longer looks unusually strong.
The goblin hits you with a +0 club. The goblin hits you with a +0 dagger.
The goblin barely misses you.
1824 ||| INVOKING Spit Poison.
Aiming: Spit Poison (1% risk of failure)
Press: ? - help, Shift-Dir - straight line, f/p - goblin The splash of poison misses the goblin.
The goblin closely misses you.
The goblin hits you with a +0 dagger. x2
You die...

.....# ..###########
......) ..#.........#
....... ..#.......(.#
....... ..#.........#
....... ..#.........#
..).... ..#.........#
##g...?..
###.........####gggg....
..#............g@#
............######
..####..###.# ..###..
#.# ..... #.#
...########.#
>..#<.......#
..........######
..#######......########


You could see a hobgoblin (strong) and 5 goblins.

Vanquished Creatures
  An orc priest (D:3)
  Robin (D:3)
  An adder (D:2)
  2 worms
  A dart slug (D:1)
  3 orcs (D:3)
  3 endoplasms (D:3)
  2 giant cockroaches (D:1)
  5 hobgoblins
  2 quokkas (D:1)
  3 ball pythons
  5 bats
  2 frilled lizards (D:3)
  11 goblins
  2 kobolds
  4 rats
48 creatures vanquished.

Notes
Turn   | Place    | Note
-------+----------+-------------------------------------------
     0 | D:1      | qw the Naga Hunter began the quest for the Orb.
     0 | D:1      | Reached XP level 1. HP: 19/19 MP: 1/1
     0 | D:1      | 0 ||| qw: Version: 0.2-a-29-g1fa15c8
     0 | D:1      | 0 ||| qw: Game counter: 4883
     0 | D:1      | 0 ||| qw: Always use a shield: true
     0 | D:1      | 0 ||| qw: God list: Okawaru
     0 | D:1      | 0 ||| qw: Allow faded altars: false
     0 | D:1      | 0 ||| qw: Do Orc after D:15 true
     0 | D:1      | 0 ||| qw: Do second Lair branch before Depths: true
     0 | D:1      | 0 ||| qw: Lair rune preference: random
     0 | D:1      | 0 ||| qw: Plans: Normal
     0 | D:1      | 0 ||| PLANNING D:1-11
    68 | D:1      | 68 ||| INVOKING Spit Poison.
   156 | D:1      | 156 ||| INVOKING Spit Poison.
   157 | D:1      | 157 ||| INVOKING Spit Poison.
   164 | D:1      | 164 ||| INVOKING Spit Poison.
   169 | D:1      | 169 ||| INVOKING Spit Poison.
   263 | D:1      | Found Jysma's Distillery.
   270 | D:1      | 270 ||| SHOPLISTING 2 potions of curing (60 gold, have 55).
   270 | D:1      | 270 ||| BUYING potion of curing (30 gold).
   270 | D:1      | Bought a potion of curing for 30 gold pieces
   270 | D:1      | 270 ||| SHOPLISTING potion of resistance (100 gold, have
                  | 25).
   271 | D:1      | 271 ||| INVOKING Spit Poison.
   273 | D:1      | Reached skill level 4 in Ranged Weapons
   273 | D:1      | Reached XP level 2. HP: 26/26 MP: 2/2
   285 | D:1      | 285 ||| INVOKING Spit Poison.
   295 | D:1      | 295 ||| INVOKING Spit Poison.
   392 | D:1      | 392 ||| INVOKING Spit Poison.
   406 | D:1      | 406 ||| INVOKING Spit Poison.
   434 | D:1      | 434 ||| INVOKING Spit Poison.
   438 | D:1      | 438 ||| INVOKING Spit Poison.
   443 | D:1      | 443 ||| INVOKING Spit Poison.
   444 | D:1      | 444 ||| INVOKING Spit Poison.
   460 | D:1      | 460 ||| INVOKING Spit Poison.
   507 | D:1      | 507 ||| INVOKING Spit Poison.
   509 | D:1      | Reached XP level 3. HP: 32/32 MP: 3/3
   521 | D:1      | 521 ||| UPGRADING to ring of protection from cold.
   522 | D:1      | 522 ||| READING scroll labelled ZECI CAMALING.
   523 | D:1      | 523 ||| READING 2 scrolls labelled ZUSAENOLI.
   524 | D:1      | 524 ||| READING scroll labelled FUOSTRU DAIKUSCH.
   525 | D:1      | 525 ||| READING 2 scrolls labelled NEHICW XAGALLI.
   526 | D:1      | 526 ||| READING scroll labelled VOIBBIKAMA.
   627 | D:1      | 627 ||| DRINKING 2 dark potions.
   628 | D:1      | 628 ||| DROPPING scroll of butterflies.
   629 | D:1      | 629 ||| DROPPING scroll of noise.
   772 | D:2      | 772 ||| INVOKING Spit Poison.
   775 | D:2      | 775 ||| INVOKING Spit Poison.
   778 | D:2      | 778 ||| INVOKING Spit Poison.
   905 | D:2      | 905 ||| INVOKING Spit Poison.
  1069 | D:2      | 1069 ||| INVOKING Spit Poison.
  1448 | D:2      | 1448 ||| READING scroll labelled MAUDDETTOU.
  1449 | D:2      | 1449 ||| READING 2 scrolls labelled XEUROBL BINLA.
  1450 | D:2      | 1450 ||| READING 5 scrolls of identify.
  1450 | D:2      | 1450 ||| IDENTIFYING glowing yellow potion
  1451 | D:2      | 1451 ||| READING 4 scrolls of identify.
  1451 | D:2      | 1451 ||| IDENTIFYING red potion
  1452 | D:2      | 1452 ||| DROPPING scroll of amnesia.
  1453 | D:2      | 1453 ||| DROPPING potion of berserk rage.
  1454 | D:2      | 1454 ||| DROPPING potion of brilliance.
  1486 | D:3      | 1486 ||| INVOKING Spit Poison.
  1490 | D:3      | 1490 ||| INVOKING Spit Poison.
  1515 | D:3      | 1515 ||| INVOKING Spit Poison.
  1527 | D:3      | 1527 ||| INVOKING Spit Poison.
  1639 | D:3      | 1639 ||| INVOKING Spit Poison.
  1645 | D:3      | 1645 ||| INVOKING Spit Poison.
  1649 | D:3      | Reached skill level 5 in Ranged Weapons
  1649 | D:3      | Reached XP level 4. HP: 39/39 MP: 4/4
  1649 | D:3      | 1649 ||| INVOKING Spit Poison.
  1804 | D:3      | 1804 ||| INVOKING Spit Poison.
  1806 | D:3      | Noticed Robin
  1810 | D:3      | 1810 ||| INVOKING Spit Poison.
  1815 | D:3      | 1815 ||| INVOKING Spit Poison.
  1815 | D:3      | HP: 9/40 [goblin/+0 dagger[Robin] (4)]
  1816 | D:3      | 1816 ||| DRINKING potion of heal wounds.
  1818 | D:3      | 1818 ||| INVOKING Spit Poison.
  1822 | D:3      | Killed Robin
  1822 | D:3      | HP: 9/40 [goblin/+0 dagger[Robin] (4)]
  1823 | D:3      | HP: 3/40 [goblin/+0 dagger (4)]
  1824 | D:3      | 1824 ||| INVOKING Spit Poison.
  1824 | D:3      | HP: 1/40 [goblin/+0 dagger (2)]
  1824 | D:3      | Slain by a goblin

Levels and vault maps discovered:
D:1:      evilmike_arrival_rings, layout_basic, serial_shops,
          nicolae_shop_competitors_out_of_business
D:2:      layout_loops_cross, serial_bayou_ford_a,
          chequers_serial_rivers_small_3
D:3:      layout_basic, uniq_robin

Skill      XL: |  1  2  3 |
---------------+----------+-----
Ranged Weapons | 4 5 |  5.2
Fighting       | |  2.6
Dodging        | |  1.5
Stealth        | |  1.5

Action                     |  1- 3 |  4- 6 || total
---------------------------+-------+-------++-------
   Fire: Shortbow          |    58 |    20 ||    78
Ability: Spit Poison       |    25 |     6 ||    31
    Use: Scroll            |     9 |       ||     9
         Potion            |     1 |     1 ||     2
 Armour: Leather armour    |     8 |     6 ||    14
  Dodge: Dodged            |     4 |    18 ||    22

Table legend:
 A = Non-vault XP
 B = Vault XP
 C = Vault XP percentage of total XP
 D = Non-vault monster count
 E = Vault monster count
 F = Vault count percentage of total count
                 A         B        C        D         E       F
            +---------+---------+-------+---------+---------+-------
      Total |     130 |      26 |  16.7 |      41 |       7 |  14.6
            +---------+---------+-------+---------+---------+-------
        D:1 |      35 |       0 |   0.0 |      21 |       0 |   0.0
        D:2 |      21 |       0 |   0.0 |       4 |       0 |   0.0
        D:3 |      74 |      26 |  26.0 |      16 |       7 |  30.4
            +---------+---------+-------+---------+---------+-------
